 Dungeon Crawl Stone Soup version 0.29-a0-384-g6960b1960d (webtiles) character file.

Game seed: 13068508690498386737

93 happo123 the Ruffian (level 4, -1/44 HPs)
             Began as a Troll Berserker on May 6, 2022.
             Was a Believer of Trog.
             Slain by Edmund
             ... wielding a +2 vorpal flail
              (10 damage)
             ... while paralysed by Grinder
             ... on level 4 of the Dungeon.
             The game lasted 00:11:26 (2312 turns).

happo123 the Ruffian (Troll Berserker)              Turns: 2312, Time: 00:11:26

Health: -1/44      AC:  4    Str: 27    XL:     4   Next: 37%
Magic:  3/3        EV:  1    Int:  3    God:    Trog [**....]
Gold:   86         SH:  0    Dex:  9    Spells: 3/3 levels left

rFire   . . .      SeeInvis +   r - +0 war axe
rCold   + . .      Faith    .   (no shield)
rNeg    . . .      Spirit   .   a - +0 animal skin
rPois   .          Reflect  .   (helmet restricted)
rElec   .          Harm     .   (no cloak)
rCorr   .          Rampage  .   (gloves unavailable)
Will    .....                   (boots unavailable)
Stlth   +.........              (no amulet)
HPRegen 0.94/turn               p - ring of see invisible
MPRegen 0.08/turn               s - ring of protection from cold

@: paralysed, on berserk cooldown, slowed
A: large, unfitting armour, claws 3, regeneration 1, shaggy fur 1, tough skin 1
a: Renounce Religion, Berserk, Trog's Hand


You were on level 4 of the Dungeon.
You worshipped Trog.
Trog was pleased with you.
You visited 1 branch of the dungeon, and saw 4 of its levels.

You collected 86 gold pieces.

Inventory:

Hand Weapons
 r - a +0 war axe (weapon)
Armour
 a - a +0 animal skin (worn)
Jewellery
 p - a ring of see invisible (left claw)
 s - a ring of protection from cold (right claw)
Wands
 g - a wand of iceblast (8)
 k - a wand of polymorph (14)
Scrolls
 c - a scroll of blinking {unknown}
 e - a scroll of vulnerability {unknown}
 f - a scroll of enchant armour {unknown}
 h - a scroll of silence {unknown}
 i - a scroll of fear {unknown}
 j - a scroll of acquirement {unknown}
 t - a scroll of identify {unknown}
Potions
 b - a potion of curing {unknown}
 d - a potion of degeneration {unknown}
 l - a potion of ambrosia {unknown}
 m - a potion of attraction {unknown}
 n - a potion of lignification {unknown}
 o - a potion of might {unknown}
 q - a potion of heal wounds {unknown}


   Skills:
 + Level 2.8 Fighting
 + Level 3.1 Dodging
 + Level 0.1 Stealth
 + Level 4.2 Unarmed Combat


You had 3 spell levels left.
You didn't know any spells.
Your spell library was empty.

Dungeon Overview and Level Annotations

Branches:
Dungeon (4/15)
 Temple: D:4-7

Altars:

Annotations:
D:4 Edmund, Grinder


Innate Abilities, Weirdness & Mutations

You are too large for most types of armour.
You have claws for hands.
Your natural rate of healing is unusually fast.
You are covered in fur. (AC +1)
You have tough skin. (AC +1)


Message History

You can move again.
You slice the orc!!
You kill the orc!
Trog accepts your kill. Edmund hits you with a +2 vorpal flail!
Things that are here:
a +0 club; an orc corpse You barely miss Edmund.
You slash the hobgoblin!
You kill the hobgoblin!
Trog accepts your kill. Edmund hits you with a +2 vorpal flail.
Grinder blinks!
You slash Edmund!
Edmund is moderately wounded.
Edmund hits you with a +2 vorpal flail! Grinder gestures at you.
You resist with significant effort.
You barely miss Edmund.
Edmund is moderately wounded.
Edmund hits you with a +2 vorpal flail! Grinder gestures at you.
Pain shoots through your body!
You slash Edmund!
Edmund is heavily wounded.
You are no longer berserk.
You are exhausted.
You feel yourself slow down. Edmund hits you with a +2 vorpal flail.
Grinder gestures at you.
You suddenly lose the ability to move!
Edmund hits you with a +2 vorpal flail!
* * * LOW HITPOINT WARNING * * *
Edmund hits you with a +2 vorpal flail.
* * * LOW HITPOINT WARNING * * *
x2 Grinder gestures at you.
You resist with significant effort. Edmund hits you with a +2 vorpal flail.
* * * LOW HITPOINT WARNING * * *
x2 Grinder gestures at you.
You shrug off the repeated paralysis!
Edmund hits you with a +2 vorpal flail!
You die...

#####.
##.[...###
#........###
...........##
............#
............#
.........<.#
.....5.....#
........@@.#
..............#
................
.........####...
.........# ...
#......... ..
#.........
##.....####


You could see Edmund and Grinder.

Vanquished Creatures
  A gnoll (D:2)
  An adder (D:2)
  A worm (D:2)
  3 dart slugs (D:1)
  2 orcs
  5 bats
  6 endoplasms
  3 giant cockroaches
  4 goblins
  5 hobgoblins
  4 jackals (D:2)
  4 kobolds (D:1)
  3 quokkas (D:1)
  6 ball pythons
  3 frilled lizards
  4 rats (D:1)
55 creatures vanquished.

Notes
Turn   | Place    | Note
-------+----------+-------------------------------------------
     0 | D:1      | happo123 the Troll Berserker began the quest for the Orb.
     0 | D:1      | Reached XP level 1. HP: 22/22 MP: 0/0
   135 | D:1      | Reached XP level 2. HP: 26/29 MP: 1/1
   527 | D:1      | Reached XP level 3. HP: 36/36 MP: 2/2
   636 | D:1      | Reached ** piety under Trog
  1215 | D:2      | Reached XP level 4. HP: 44/44 MP: 3/3
  1362 | D:2      | Reached skill level 4 in Unarmed Combat
  2293 | D:4      | Noticed Grinder
  2295 | D:4      | Noticed Edmund
  2300 | D:4      | Paralysed by Grinder for 2 turns
  2308 | D:4      | Paralysed by Grinder for 4 turns
  2312 | D:4      | Slain by Edmund

Illustrated notes

Levels and vault maps discovered:
D:1:      wander_arrival_estate, layout_basic, minmay_misc_feat_iff,
          serial_bayou_lagoon_b
D:2:      layout_loops_ring, nrook_mini_backslash, cheibrodos_gnoll_hut
D:3:      layout_loops_ring, kennysheep_generic_room_3
D:4:      layout_cave_pods, uniq_edmund, uniq_grinder

Skill      XL: |  1  2  3  4 |
---------------+-------------+-----
Dodging        | 3 |  3.1
Unarmed Combat | 4 |  4.2
Fighting       | |  2.8
Stealth        | |  0.1

Action                   |  1- 3 |  4- 6 || total
-------------------------+-------+-------++-------
Melee: Unarmed           |    84 |    29 ||   113
       Punch             |     2 |     1 ||     3
       War axe           |       |    11 ||    11
Invok: Berserk           |       |     1 ||     1
Armor: Animal skin       |    25 |     8 ||    33
Dodge: Dodged            |    44 |    15 ||    59

Table legend: (Time is in decaauts)
 A = Elapsed time spent in this place.
 B = Non-inter-level travel time spent in this place.
 C = Inter-level travel time spent in this place.
 D = Time resting spent in this place.
 E = Time spent auto-exploring this place.
 F = Levels seen in this place.
 G = Mean time per level.
                   A        B        C        D        E       F      G
               +--------+--------+--------+--------+--------+-----+--------+
         Total |   2332 |   1132 |   1200 |      0 |    776 |   4 |  583.0 |
       Dungeon |   2332 |   1132 |   1200 |      0 |    776 |   4 |  583.0 |
               +--------+--------+--------+--------+--------+-----+--------+

Top non-repeatable levels by time:
     D:1: 905 daAuts
     D:3: 736 daAuts
     D:2: 671 daAuts
     D:4: 18 daAuts
